 Dungeon Crawl Stone Soup version 0.31-a0-662-g684573625c (webtiles) character file.

Game seed: 8051910846658524477

104 NinjaNoafa the Vexing (level 4, -12/21 HPs)
             Began as a Spriggan Hexslinger on Aug 29, 2023.
             Killed by an exploding gnoll (29 damage)
             ... ignited by their inner flame
             ... on level 4 of the Dungeon on Aug 31, 2023.
             The game lasted 00:06:37 (2257 turns).

NinjaNoafa the Vexing (Spriggan Hexslinger)         Turns: 2257, Time: 00:06:38

Health: -12/21     AC:  2    Str:  4    XL:     4   Next: 52%
Magic:  7/7        EV: 19    Int: 14    God:
Gold:   95         SH:  0    Dex: 19    Spells: 1/5 levels left

rFire   . . .        a - +1 sling
rCold   . . .        (no shield)
rNeg    . . .        c - +0 robe
rPois   .            (helmet restricted)
rElec   .            (no cloak)
rCorr   .            (gloves unavailable)
SInv    +            (boots unavailable)
Will    .....        m - amulet of magic regeneration
Stlth   ++           (no ring)
HPRegen 0.23/turn    (no ring)
MPRegen 0.50/turn

%: no passive effects
@: very quick
A: very small, no large weapons, unfitting armour, see invisible, speed 3
a: no special abilities


You were on level 4 of the Dungeon.
You visited 1 branch of the dungeon, and saw 4 of its levels.

You collected 95 gold pieces.

Inventory:

Hand Weapons
 a - a +1 sling (weapon)
Missiles
 f - 5 boomerangs
 p - 3 poisoned darts
Armour
 c - a +0 robe (worn)
Jewellery
 m - an amulet of magic regeneration (around neck)
Scrolls
 b - a scroll of poison
 e - a scroll of teleportation {unknown}
 l - a scroll of silence {unknown}
 r - a scroll of fear
 s - a scroll of enchant armour {unknown}
 t - a scroll of revelation {unknown}
Potions
 d - a potion of resistance
 g - a potion of degeneration {unknown}
 h - a potion of haste {unknown}
 i - 2 potions of curing
 j - a potion of cancellation {unknown}
 k - a potion of heal wounds
 n - a potion of experience
 o - a potion of brilliance {unknown}
 q - a potion of might {unknown}


   Skills:
 - Level 0.7 Fighting
 + Level 3.1 Ranged Weapons
 - Level 3.8 Dodging
 - Level 1.3 Spellcasting
 + Level 4.4 Hexes
 + Level 1.3 Fire Magic


You had one spell level left.
You knew the following spells:

 Your Spells              Type           Power      Damage    Failure   Level
a - Slow                  Hex            52%        N/A       4%          1
b - Inner Flame           Hex/Fire       9%         N/A       24%         3

Your spell library contained the following spells:

 Spells                   Type           Power      Damage    Failure   Level
 Portal Projectile        Hex/Tloc       14%        N/A       30%         3
 Blink                    Tloc           0%         N/A       36%         2
 Lesser Beckoning         Tloc           0%         N/A       36%         2
 Momentum Strike          Conj/Tloc      0%         3d8       36%         2
 Cause Fear               Hex            6%         N/A       38%         4


Dungeon Overview and Level Annotations

Branches:
Dungeon (4/15) Zot: 22423
 Temple: D:4-7

Altars:
Trog
Uskayaw
Wu Jian
Yredelemnul
The Shining One

Annotations:
D:2 Sigmund
D:3 1 runed translucent door, Age's ghost, amateur MiFi


Innate Abilities, Weirdness & Mutations

You are very small and have problems with some larger weapons.
You are too small for most types of armour.
You have supernaturally acute eyesight. (SInv)
You cover ground extremely quickly. (Speed+++)


Message History

Casting: Slow (safe; 4% risk of failure)
Aiming: Slow (safe; 4% risk of failure)
Press: ? - help, Shift-Dir - straight line, f/p - gnoll
Aim: a gnoll, wielding a +0 club (lightly wounded, chance to affect: 55%)
The gnoll seems to slow down.
You now have 6/7 mp.
You shoot a sling bullet. The sling bullet hits the gnoll.
MP restored: 7
Casting: Slow (safe; 4% risk of failure)
Aiming: Slow (safe; 4% risk of failure)
Press: ? - help, Shift-Dir - straight line, f - gnoll, p - gnoll
Aim: a gnoll, wielding a +0 club (chance to affect: 55%)
You miscast Slow.
You are very lightly contaminated with residual magic.
Nothing appears to happen.
You now have 6/7 mp.
Casting: Slow (safe; 4% risk of failure)
Aiming: Inner Flame (extremely dangerous; 24% risk of failure)
Press: ? - help, Dir - move target, f/p - gnoll
Aim: a gnoll, wielding a +0 club (chance to affect: 67%)
The gnoll is filled with an inner flame.
You now have 4/7 mp.
You shoot a sling bullet.
The sling bullet hits the gnoll but does no damage.
The gnoll hits you with a +0 club.
You take 5 damage, and have 16/21 hp.
MASSIVE DAMAGE!!
You shoot a sling bullet.
The sling bullet hits the gnoll but does no damage.
You shoot a sling bullet.
The sling bullet barely misses the gnoll.
The sling bullet hits the gnoll!
Your magical contamination has completely faded away.
MP restored: 7 You shoot a sling bullet.
The sling bullet hits the gnoll!
Flame seeps out of the gnoll.
The gnoll is engulfed in blazing flames.
The gnoll explodes!
The fiery explosion engulfs you!!
Ouch! That really hurt!
You die...

..........#
.......g..#
....._....#
.......##.#
....####gg#
#####....##
#.§§.###
#..○§# #
##@§.#
##.####...#
..........#
..........#
..........#
...##...<.#
.. #.....#
..........#
.........#


You could see 2 gnolls.

Vanquished Creatures
  A gnoll (D:4)
  2 adders
  A dart slug (D:2)
  11 orcs
  4 ball pythons
  5 endoplasms
  4 giant cockroaches
  6 goblins
  7 hobgoblins
  4 jackals (D:1)
  5 bats
  6 frilled lizards
  4 kobolds
  10 rats
70 creatures vanquished.

Notes
Turn   | Place    | Note
-------+----------+-------------------------------------------
     0 | D:1      | NinjaNoafa the Spriggan Hexslinger began the quest for the
                  | Orb.
     0 | D:1      | Reached XP level 1. HP: 9/9 MP: 3/3
     0 | D:1      | Upgraded the game from 0.31-a0-654-gbe3e110b4e to
                  | 0.31-a0-656-gb4d89c20fa
     0 | D:1      | Upgraded the game from 0.31-a0-656-gb4d89c20fa to
                  | 0.31-a0-662-g684573625c
   118 | D:1      | Reached XP level 2. HP: 14/14 MP: 5/5
   280 | D:1      | Found a faded altar of an unknown god.
   451 | D:1      | Reached XP level 3. HP: 17/17 MP: 6/6
   834 | D:2      | Noticed Sigmund
   862 | D:2      | Learned a level 3 spell: Inner Flame
  1190 | D:2      | Reached skill level 4 in Hexes
  1253 | D:2      | Reached skill level 1 in Fire Magic
  1376 | D:2      | Reached XP level 4. HP: 21/21 MP: 7/7
  1808 | D:3      | Found a runed translucent door.
  1808 | D:3      | Noticed Age's ghost (amateur MiFi)
  2236 | D:4      | Found a hide-covered altar of Uskayaw.
  2236 | D:4      | Found a glowing golden altar of the Shining One.
  2237 | D:4      | Found a bloodstained altar of Trog.
  2237 | D:4      | Found a basalt altar of Yredelemnul.
  2237 | D:4      | Found an ornate altar of the Wu Jian Council.
  2257 | D:4      | Killed by an exploding gnoll... ignited by their inner
                  | flame

Illustrated notes

Levels and vault maps discovered:
D:1:      lemuel_arrival_muddy, layout_basic, chequers_ecumenical_altar_island
D:2:      layout_basic, uniq_sigmund
D:3:      layout_rooms, hellmonk_ghost_happy_afterlife
D:4:      layout_gridville, grunt_temple_overflow_open, minmay_quantized

Skill      XL: |  1  2  3  4 |
---------------+-------------+-----
Dodging        | 3 |  3.8
Hexes          | 4 |  4.4
Fire Magic     | 1 |  1.3
Ranged Weapons | 3 |  3.1
Fighting       | |  0.7
Spellcasting   | |  1.3

Action                     |  1- 3 |  4- 6 || total
---------------------------+-------+-------++-------
   Fire: Sling             |   152 |    85 ||   237
   Cast: Slow              |    16 |     8 ||    24
         Inner Flame       |       |     2 ||     2
    Use: Scroll            |       |     5 ||     5
 Armour: Robe              |    19 |    14 ||    33
  Dodge: Dodged            |    58 |    51 ||   109

Table legend: (Time is in decaauts)
 A = Elapsed time spent in this place.
 B = Non-inter-level travel time spent in this place.
 C = Inter-level travel time spent in this place.
 D = Time resting spent in this place.
 E = Time spent auto-exploring this place.
 F = Levels seen in this place.
 G = Mean time per level.
                   A        B        C        D        E       F      G
               +--------+--------+--------+--------+--------+-----+--------+
         Total |   1575 |   1519 |     56 |     62 |    876 |   4 |  393.8 |
       Dungeon |   1575 |   1519 |     56 |     62 |    876 |   4 |  393.8 |
               +--------+--------+--------+--------+--------+-----+--------+

Top non-repeatable levels by time:
     D:2: 546 daAuts
     D:1: 539 daAuts
     D:3: 460 daAuts
     D:4: 28 daAuts
